 Dungeon Crawl Stone Soup version 0.24.0-1-gfbc8707122 (webtiles) character file.

Game seed: 10564520916642959604, levelgen mode: deterministic

65 Looknius the Skirmisher (level 3, 0/29 HPs)
             Began as a Demonspawn Abyssal Knight on Oct 27, 2019.
             Was a Believer of Lugonu.
             Hit by a boomerang thrown by an orc (2 damage)
             ... on level 4 of the Dungeon.
             The game lasted 00:09:32 (1606 turns).

Looknius the Skirmisher (Demonspawn Abyssal Knight) Turns: 1606, Time: 00:09:33

Health: 0/29       AC:  5    Str: 12    XL:     3   Next: 94%
Magic:  0/4        EV:  8    Int: 13    God:    Lugonu [**....]
Gold:   150        SH:  8    Dex: 13    Spells: 2/2 levels left

rFire    . . .     SeeInvis .   q - +2 whip (freeze)
rCold    . . .     Gourm    .   o - +2 shield
rNeg     . . .     Faith    .   b - +0 leather armour
rPois    .         Spirit   +   k - +1 hat
rElec    .         Reflect  .   (no cloak)
rCorr    .         Harm     .   (no gloves)
MR       .....                  (no boots)
Stlth    +.........             (no amulet)
HPRegen  0.09/turn              (no ring)
MPRegen  0.09/turn              (no ring)

@: no status effects
A: rugged brown scales 1, magic shield
a: Depart the Abyss, Bend Space, Renounce Religion


You were on level 4 of the Dungeon.
You worshipped Lugonu.
Lugonu was pleased with you.
You were not hungry.

You visited 1 branch of the dungeon, and saw 4 of its levels.
You visited the Abyss 1 time.

You collected 150 gold pieces.

Inventory:

Hand Weapons
 a - a +1 falchion
 q - a +2 whip of freezing (weapon)
Missiles
 d - 11 poisoned darts (quivered)
 n - 28 arrows
Armour
 b - a +0 leather armour (worn)
 k - a +1 hat (worn)
 o - a +2 shield (worn)
Scrolls
 e - a scroll of fear {unknown}
 i - a scroll of identify
 j - a scroll of enchant armour {unknown}
 l - 3 scrolls of magic mapping
 m - a scroll of teleportation {unknown}
 p - a scroll of fog {unknown}
Potions
 g - a potion of degeneration {unknown}
 h - a potion of resistance {unknown}
Comestibles
 c - 3 rations


   Skills:
 + Level 3.6 Fighting
 + Level 2.7 Long Blades
 + Level 2.1 Armour
 + Level 1.3 Dodging
 + Level 0.2 Stealth
 + Level 2.6 Invocations


You had 2 spell levels left.
You didn't know any spells.
Your spell library was empty.

Dungeon Overview and Level Annotations

Branches:
Dungeon (4/15)
 Temple: D:4-7

Altars:
Uskayaw


Innate Abilities, Weirdness & Mutations

You are partially covered in rugged brown scales. (AC +1, +3% HP)
When hurt, damage is shared between your health and your magic reserves.


Message History

The ogre barely misses you.
Found a pair of boots.
You feel much better.
You barely miss the ogre.
The ogre is heavily wounded.
The leopard gecko bites you.
The ogre hits you with a +0 giant spiked club!
Ouch! That really hurt!
The leopard gecko closely misses you.
Okay, then.
Okay, then.
Found 3 scrolls labeled KOACVI IBUNLE.
Found 16 stones and 12 gold pieces.
The ogre hits you with a +0 giant spiked club!
* * * LOW HITPOINT WARNING * * *
Unknown command.
An orc comes into view. It is wielding a +0 club.
The orc shouts!
You hear a shout!
The orc throws a boomerang.
The boomerang hits you.
You die...

.###.#.#.#.
....#.#.#.#
.....#.#.#.#
..#.#.#.#.#.#
.....#.#.#.#.#
#.........#..# ..
##.<###...#..#
#####...# ....#
...# .# #......o.
...## .### #
#@################
### .
#.##..............
#
#O##...#..########
#.##l.###.#
#l##.## ##[#
#....(# ...
####.#.....#.#
#?.$###. .# ..#.#
.


You could see an ogre, an orc and a leopard gecko.

Vanquished Creatures
  An adder (D:3)
  2 giant cockroaches
  7 goblins
  5 hobgoblins
  12 jackals
  5 kobolds
  A ball python (D:2)
  A ball python skeleton (D:4)
  7 bats
  4 frilled lizards
  8 rats
53 creatures vanquished.

Notes
Turn   | Place    | Note
-------+----------+-------------------------------------------
     0 | Abyss:1  | Looknius the Demonspawn Abyssal Knight began the quest for
                  | the Orb.
     0 | Abyss:1  | Reached XP level 1. HP: 18/18 MP: 2/2
    24 | D:1      | Escaped the Abyss
   215 | D:1      | Gained mutation: When hurt, damage is shared between your
                  | health and your magic reserves. [demonic ancestry]
   215 | D:1      | Reached XP level 2. HP: 13/24 MP: 3/3
   222 | D:1      | Reached skill level 1 in Dodging
   465 | D:1      | Reached ** piety under Lugonu
   826 | D:2      | Gained mutation: You are partially covered in rugged brown
                  | scales. (AC +1, +3% HP) [demonic ancestry]
   826 | D:2      | Reached XP level 3. HP: 22/29 MP: 4/4
   994 | D:2      | You fall into a shaft and drop 2 floors!
  1238 | D:2      | Found a hide-covered altar of Uskayaw.
  1583 | D:4      | Noticed an ogre
  1599 | D:4      | HP: 1/29 [ogre/+0 giant spiked club (8)]
  1606 | D:4      | Hit by a boomerang thrown by an orc

Levels and vault maps discovered:
D:1:      roderic_dead_forest, layout_basic
D:2:      layout_basic, nicolae_overflow_hidden_temple
D:3:      layout_basic
D:4:      layout_loops_cross, lemuel_coloured_pillars_altar, first_ration,
          serial_bayou_pond_b, minivault_23, minmay_pentomino_pile

Skill      XL: |  1  2 |
---------------+-------+-----
Dodging        | 1 |  1.3
Long Blades    | 2 |  2.7
Armour         | 2 |  2.1
Fighting       | |  3.6
Stealth        | |  0.2
Invocations    | |  2.6

Action                   || total
-------------------------++-------
Melee: Falchion          ||   112
       Whip              ||    10
Invok: Bend Space        ||     1
  Use: Scroll            ||     6
       Potion            ||     1
  Eat: Ration            ||     1
Armor: Leather armour    ||    57
Dodge: Dodged            ||   106
Block: Shield            ||    10
       Rpst.: Falchion   ||    29
